 Dungeon Crawl Stone Soup version 0.31.0-12-g77e489cdc1 (webtiles) character file.

Game seed: 10040316432920092166

6043 Peloso the Carver (level 10, -5/91 HPs)
             Began as a Minotaur Fighter on Feb 12, 2024.
             Was an Elder of Okawaru.
             Slain by a sun demon (19 damage)
             ... summoned by a kobold demonologist
             ... on level 10 of the Dungeon.
             The game lasted 00:16:24 (9561 turns).

Peloso the Carver (Minotaur Fighter)                Turns: 9561, Time: 00:16:24

Health: -5/91      AC: 22    Str: 22    XL:     10   Next: 57%
Magic:  8/9        EV: 10    Int:  5    God:    Okawaru [****..]
Gold:   518        SH:  7    Dex: 13    Spells: 9/9 levels left

rFire   . . .        a - +0 long sword
rCold   + . .        d - +0 buckler
rNeg    . . .        G - +0 plate armour
rPois   .            (helmet restricted)
rElec   .            (no cloak)
rCorr   .            v - +0 pair of gloves
SInv    .            (no boots)
Will    .....        (no amulet) Stlth
                     l - +4 ring of protection
HPRegen 0.35/turn    h - ring of protection from cold
MPRegen 0.11/turn

%: no passive effects
@: heroic
A: horns 2, retaliatory headbutt
a: Renounce Religion, Heroism, Finesse


You were on level 10 of the Dungeon.
You worshipped Okawaru.
Okawaru was greatly pleased with you.
You visited 2 branches of the dungeon, and saw 11 of its levels.

You collected 568 gold pieces.
You spent 50 gold pieces at shops.

Inventory:

Hand Weapons
 a - a +0 long sword (weapon)
Armour
 b - a +0 scale mail
 c - a +1 chain mail of willpower
 d - a +0 buckler (worn)
 v - a +0 pair of gloves (worn)
 G - a +0 plate armour (worn)
Jewellery
 h - a ring of protection from cold (right hand)
 l - a +4 ring of protection (left hand)
Talismans
 o - a serpent talisman
Wands
 x - a wand of flame (14)
 A - a wand of iceblast (5)
 F - a wand of paralysis (7)
Scrolls
 i - 2 scrolls of blinking {unknown}
 j - a scroll of revelation {unknown}
 m - a scroll of torment {unknown}
 q - a scroll of poison {unknown}
 t - 3 scrolls of identify
 u - 2 scrolls of enchant armour {unknown}
 w - a scroll of fog {unknown}
 y - a scroll of acquirement {unknown}
 B - a scroll of summoning {unknown}
 E - a scroll of amnesia {unknown}
 H - a scroll of vulnerability {unknown}
 I - a scroll of immolation {unknown}
Potions
 e - 2 potions of might
 f - a potion of berserk rage
 g - 4 potions of curing
 k - a potion of magic
 n - 2 potions of ambrosia
 p - 2 potions of brilliance
 r - 5 potions of haste
 s - 4 potions of heal wounds
 z - 2 potions of cancellation
 C - a potion of resistance {unknown}
 D - a potion of enlightenment {unknown}


   Skills:
 + Level 9.1(14.1) Fighting
 + Level 11.9(16.9) Long Blades
 + Level 10.5(15.5) Armour
 + Level 3.3(8.3) Dodging
 + Level 1.3(6.3) Stealth
 + Level 7.4(12.4) Shields
 + Level 0.2 Invocations
 + Level 0.3 Evocations


You had 9 spell levels left.
You didn't know any spells.
Your spell library contained the following spells:

 Spells                   Type           Power      Damage    Failure   Level
 Freeze                   Ice            0%         1d3       99%         1
 Shock                    Conj/Air       0%         1d3       99%         1
 Ensorcelled Hibernation  Hex/Ice        0%         N/A       100%        2
 Frozen Ramparts          Ice            0%         1d1       100%        3
 Hailstorm                Conj/Ice       0%         3d5       100%        3
 Passwall                 Erth           0%         N/A       100%        3
 Swiftness                Air            0%         N/A       100%        3
 Airstrike                Air            0%         2d(0-16)  100%        4
 Passage of Golubria      Tloc           0%         N/A       100%        4
 Yara's Violent Unravell  Hex/Alch       0%         3d3       100%        5
 Tukima's Dance           Hex            Unusable   N/A       N/A         3

Dungeon Overview and Level Annotations

Branches:
Dungeon (10/15)            Temple (1/1) D:5            Lair (0/5) D:8
    Orc (0/2) D:9

Altars:
Ashenzari
Cheibriados
Dithmenos
Elyvilon
Fedhas
Gozag
Hepliaklqana
Kikubaaqudgha
Makhleb
Nemelex Xobeh
Okawaru
Qazlal
Ru
Trog
Uskayaw
Vehumet
Wu Jian
Xom
Yredelemnul
Zin
The Shining One

Shops:
D:5 !


Innate Abilities, Weirdness & Mutations

You have a pair of horns on your head.
You reflexively headbutt those who attack you in melee.


Message History

You hit the sun demon.
The sun demon is lightly wounded.
Something hits you but does no damage. x2; The ufetubus barely misses you.
The ufetubus hits you. You block the sun demon's attack.
The white imp gestures at you.
The puff of frost hits something.
The kobold demonologist hits you but does no damage.
You hit the kobold demonologist but do no damage.
Something hits you. You block the ufetubus's attack.
The ufetubus hits you but does no damage.
The kobold demonologist hits you but does no damage.
The sun demon hits you!
You are engulfed in flames!
Unknown command.
You hit the kobold demonologist.
The kobold demonologist is lightly wounded.
Something hits you. x2; The ufetubus barely misses you.
The ufetubus closely misses you.
The white imp picks up a beetle and eats it.
The kobold demonologist hits you but does no damage. x2
The sun demon hits you!
You are engulfed in flames!
You hit the kobold demonologist but do no damage.
You headbutt the kobold demonologist!
The kobold demonologist is moderately wounded.
Something hits you but does no damage. You block the ufetubus's attack. x2
The kobold demonologist hits you but does no damage.
The sun demon closely misses you. You furiously retaliate!
You headbutt the sun demon! You slash the kobold demonologist!
You headbutt the kobold demonologist.
The kobold demonologist is severely wounded.
Something hits you but does no damage. You block the ufetubus's attack.
The ufetubus hits you.
The kobold demonologist begins to cast a cantrip, but forgets the words!
The ufetubus hits you but does no damage.
The ufetubus barely misses you.
You closely miss the kobold demonologist.
The kobold demonologist is severely wounded.
The sun demon hits you!!
* * * LOW HITPOINT WARNING * * *
You are engulfed in flames!!
You die...

...##..[.
#.......# ###+#
#.......# .....
#.......#
......#.......#
.....K#.....!.#
...KKKK55.....#
#@K.....#
##3###### ##
#...###### <.
###......# #.
#......# #.
#......# #<
###......#######'
#.........#......
#.........#......


You could see a sun demon (summoned), 2 kobold demonologists, a white imp
(summoned), an ufetubus (summoned) and 4 kobolds.

Vanquished Creatures
  Joseph (D:7)
  A troll (D:6)
  A wyvern (D:7)
  Sigmund (D:2)
  A wraith (D:9)
  11 yaks (D:9)
  2 steam dragons
  A water moccasin (D:9)
  An ice beast (D:8)
  3 orc warriors (D:9)
  2 black bears
  2 sky beasts
  6 centaurs
  2 kobold brigands
  2 bullfrogs
  A gnoll sergeant (D:6)
  3 scorpions
  4 wights (D:8)
  2 howler monkeys
  A bombardier beetle (D:5)
  A jelly (D:5)
  7 orc priests
  A gnoll bouda (D:5)
  5 hounds
  3 iguanas
  10 orc wizards
  Robin (D:2)
  7 gnolls
  5 adders
  2 white imps (D:5)
  A dart slug (D:2)
  2 ribbon worms
  46 orcs
  9 bats
  4 endoplasms
  2 giant cockroaches (D:1)
  15 goblins
  11 hobgoblins
  8 jackals (D:1)
  2 quokkas
  5 ball pythons
  4 frilled lizards
  A goblin skeleton (D:5)
  A goblin zombie (D:5)
  3 hobgoblin zombies (D:5)
  13 kobolds
  A kobold zombie (D:5)
  2 orc skeletons (D:5)
  2 orc zombies (D:5)
  4 rats
226 creatures vanquished.

Vanquished Creatures (others)
  2 orc wizards
2 creatures vanquished.

Grand Total: 228 creatures vanquished

Notes
Turn   | Place    | Note
-------+----------+-------------------------------------------
     0 | D:1      | Peloso the Minotaur Fighter began the quest for the Orb.
     0 | D:1      | Reached XP level 1. HP: 19/19 MP: 0/0
   219 | D:1      | Reached XP level 2. HP: 27/27 MP: 1/1
   825 | D:1      | Reached XP level 3. HP: 32/33 MP: 2/2
  1327 | D:2      | Noticed Robin
  1339 | D:2      | Reached skill level 3 in Long Blades
  1357 | D:2      | Killed Robin
  1415 | D:2      | Noticed Sigmund
  1464 | D:2      | Found a blossoming altar of Fedhas.
  1471 | D:2      | Killed Sigmund
  1472 | D:2      | Reached skill level 4 in Long Blades
  1472 | D:2      | Reached skill level 5 in Armour
  1472 | D:2      | Reached XP level 4. HP: 41/41 MP: 3/3
  1472 | D:2      | Reached XP level 5. HP: 47/47 MP: 4/4
  1898 | D:3      | Reached skill level 5 in Long Blades
  2139 | D:3      | Reached XP level 6. HP: 53/53 MP: 5/5
  2661 | D:4      | Found an ornate altar of the Wu Jian Council.
  2786 | D:4      | Found a snail-covered altar of Cheibriados.
  2927 | D:4      | Found a shadowy altar of Dithmenos.
  3090 | D:4      | Reached skill level 6 in Long Blades
  3090 | D:4      | Reached skill level 1 in Dodging
  3090 | D:4      | Reached skill level 1 in Stealth
  3184 | D:4      | Reached skill level 5 in Fighting
  3338 | D:4      | Reached XP level 7. HP: 57/61 MP: 6/6
  3524 | D:5      | Entered Level 5 of the Dungeon
  3893 | D:5      | Found Mickucic's Distillery.
  3900 | D:5      | Bought a potion of berserk rage for 50 gold pieces
  3927 | D:5      | Reached skill level 7 in Long Blades
  4033 | D:5      | Found a glowing golden altar of the Shining One.
  4339 | D:5      | Found a staircase to the Ecumenical Temple.
  4348 | Temple   | Entered the Ecumenical Temple
  4353 | Temple   | Became a worshipper of Warmaster Okawaru
  4408 | D:5      | Found a sacrificial altar of Ru.
  4632 | D:6      | Reached XP level 8. HP: 59/70 MP: 7/7
  4696 | D:6      | Reached skill level 8 in Long Blades
  4759 | D:6      | Reached skill level 5 in Shields
  4868 | D:6      | Found an ancient bone altar of Kikubaaqudgha.
  5340 | D:6      | Reached * piety under Okawaru
  5341 | D:6      | Reached skill level 9 in Long Blades
  5595 | D:6      | Noticed a troll
  5609 | D:6      | Killed a troll
  5873 | D:7      | Reached XP level 9. HP: 61/78 MP: 8/8
  6191 | D:7      | Noticed Joseph
  6217 | D:7      | Reached ** piety under Okawaru
  6225 | D:7      | Killed Joseph
  6226 | D:7      | Reached skill level 10 in Long Blades
  6929 | D:8      | Reached *** piety under Okawaru
  6990 | D:8      | Found a staircase to the Lair.
  7609 | D:9      | Reached skill level 11 in Long Blades
  7637 | D:9      | Reached XP level 10. HP: 38/86 MP: 9/9
  8128 | D:9      | Found a staircase to the Orcish Mines.
  8462 | D:9      | Reached skill level 10 in Armour
  8480 | D:9      | Reached **** piety under Okawaru
  9428 | D:10     | Entered Level 10 of the Dungeon
  9555 | D:10     | Noticed a sun demon
  9561 | D:10     | Slain by a sun demon

Illustrated notes

Levels and vault maps discovered:
D:1:      dpeg_arrival_boxes_within_box, layout_loops_corners,
          chequers_serial_rivers_marsh
D:2:      layout_basic, basic_altar, uniq_sigmund, uniq_robin
D:3:      layout_rooms, chequers_serial_rivers_micro_e, kennysheep_nondescript,
          grunt_ministairs_10, minmay_circle_x
D:4:      layout_basic, cheibriados_altar_1, mainiacjoe_overflow_catwalk,
          mainiacjoe_overflow_brackets
D:5:      layout_rooms, nicolae_ru_the_path_less_chosen,
          nicolae_tso_besieged_by_evil, lemuel_temple_firewalk_b,
          minmay_shop_grid_forest, serial_park_tiny_pond
D:6:      layout_loops_ring, kiku_gazebo_pond_becter, kennysheep_generic_room_9
D:7:      layout_basic, nicolae_elevator_lobby_plus, uniq_joseph
D:8:      layout_loops_ring, lair_entry_dummy, minmay_curled_crystal
D:9:      nicolae_whirlpool, layout_loops_ring, hiddenorc1_lemuel
D:10:     layout_basic, hellmonk_sif_muna_bookshelves, minmay_joined_circles
Temple:   minmay_freezing_vapour_temple

Skill      XL: |  1  2  3  4  5  6  7  8  9 10 |
---------------+-------------------------------+-----
Armour         | 4 5 6 7 9 10 | 10.5
Fighting       | 4 5 6 7 9 |  9.1
Shields        | 4 6 7 |  7.4
Long Blades    | 4 5 6 7 9 11 | 11.9
Dodging        | 1 2 3 |  3.3
Stealth        | 1 |  1.3
Invocations    | |  0.2
Evocations     | |  0.3

Action                     |  1- 3 |  4- 6 |  7- 9 | 10-12 || total
---------------------------+-------+-------+-------+-------++-------
  Melee: Long sword        |    94 |   123 |   384 |   186 ||   787
         Headbutt          |    13 |    19 |    70 |    54 ||   156
         Unarmed           |       |       |       |     1 ||     1
 Invoke: Heroism           |       |       |     1 |     3 ||     4
  Evoke: Wand              |       |       |     6 |     3 ||     9
    Use: Potion            |     2 |     3 |     2 |     1 ||     8
         Scroll            |       |       |     7 |     1 ||     8
 Armour: Scale mail        |    72 |    97 |    21 |       ||   190
         Chain mail        |       |       |   316 |    15 ||   331
         Plate armour      |       |       |       |   120 ||   120
         Skin              |       |       |       |     2 ||     2
  Dodge: Dodged            |    41 |    69 |   164 |    43 ||   317
  Block: Buckler           |    26 |    33 |    97 |    44 ||   200
         Form:             |       |     1 |       |     1 ||     2
         Serpent           |       |     1 |       |     1 ||     2
